 Dungeon Crawl Stone Soup version 0.31-a0-232-gb1c03b2570 (webtiles) character file.

Game seed: 10446870984150044734

20 qw the Shooter (level 2, -2/17 HPs)
             Began as a Gargoyle Hexslinger on July 7, 2023.
             Slain by an orc
             ... wielding a +0 hand axe
              (4 damage)
             ... on level 2 of the Dungeon.
             The game lasted 00:00:11 (549 turns).

qw the Shooter (Gargoyle Hexslinger)                 Turns: 549, Time: 00:00:12

Health: -2/17      AC:  4    Str: 11    XL:     2   Next: 79%
Magic:  3/3        EV: 12    Int: 13    God:
Gold:   39         SH:  0    Dex: 12    Spells: 2/3 levels left

rFire   + . .        Y - +2 sling
rCold   . . .        (no shield)
rNeg    + . .        c - +0 robe
rPois   inf          (no helmet)
rElec   +            (no cloak)
rCorr   .            (no gloves)
SInv    .            (no boots)
Will    .....        (no amulet)
Stlth   +            d - ring of protection from fire
HPRegen 0.22/turn    (no ring)
MPRegen 0.08/turn

%: no passive effects
@: about to teleport
A: sickness immunity, AC +2, negative energy resistance 1, electricity
resistance, torment resistance 1, petrification resistance
a: no special abilities


You were on level 2 of the Dungeon.
You visited 1 branch of the dungeon, and saw 2 of its levels.

You collected 39 gold pieces.


Innate Abilities, Weirdness & Mutations

You are immune to sickness and miasma.
Your stone body is resilient. (AC +2)
You are immune to poison.
You resist negative energy. (rN+)
You are resistant to electric shocks. (rElec)
You are resistant to unholy torment.
You are immune to petrification.


   Skills:
 + Level 1.7 Fighting
 - Level 3.0 Ranged Weapons
 - Level 1.5 Dodging
 - Level 1.0 Spellcasting
 - Level 2.6 Hexes


You had 2 spell levels left.
You knew the following spells:

 Your Spells              Type           Power      Damage    Failure   Level
a - Slow                  Hex            28%        N/A       10%         1

Your spell library contained the following spells:

 Spells                   Type           Power      Damage    Failure   Level
 Inner Flame              Hex/Fire       4%         N/A       43%         3
 Portal Projectile        Hex/Tloc       8%         N/A       43%         3
 Cause Fear               Hex            3%         N/A       67%         4

Inventory:

Hand Weapons
 Y - a +2 sling (weapon)
Armour
 c - a +0 robe (worn)
Jewellery
 d - a ring of protection from fire (left hand)

Dungeon Overview and Level Annotations

Branches:
Dungeon (2/15)

Altars:

Annotations:
D:2 Sigmund


Message History

The orc is heavily wounded.
You shoot a sling bullet.
The sling bullet hits the orc but does no damage.
Sigmund the Dreaded comes into view.
He is wielding a +0 scythe.
An orc comes into view. It is wielding a +0 dagger.
You shoot a sling bullet.
Sigmund shouts!
The sling bullet hits the orc but does no damage.
You shoot a sling bullet. The sling bullet hits the orc.
The orc is moderately wounded.
You shoot a sling bullet.
The sling bullet closely misses the orc.
The sling bullet hits the orc.
The orc is almost dead.
The orc hits you with a +0 hand axe.
A ball python comes into view.
You shoot a sling bullet. The ball python hisses angrily.
The sling bullet hits the orc.
You kill the orc!
The orc closely misses you.
You shoot a sling bullet. The sling bullet barely misses the orc.
The sling bullet closely misses Sigmund.
The sling bullet completely misses the orc.
The sling bullet hits the ball python.
The ball python is moderately wounded.
Sigmund hits you from afar with a +0 scythe.
The orc hits you with a +0 hand axe.
You shoot a sling bullet. The sling bullet barely misses the orc.
The sling bullet hits Sigmund but does no damage.
The orc hits you but does no damage. Sigmund closely misses you.
You shoot a sling bullet. The sling bullet barely misses the orc.
The sling bullet barely misses Sigmund.
The sling bullet completely misses the ball python.
The orc hits you with a +0 hand axe.
549 ||| READING scroll of teleportation.
As you read the scroll of teleportation, it crumbles to dust.
You feel strangely unstable. The orc hits you with a +0 hand axe.
You die...

##### #...# #...## #
#######)...####S##.#.
.............@o@!..).
..#.###.##.####o####.
..#.##.# # #.#.##.#
#.#.#..# #<.....#
#.#.#### #.#... #
#.####.#


You could see Sigmund, 2 orcs and a ball python.

Vanquished Creatures
  A dart slug (D:1)
  3 orcs (D:2)
  An endoplasm (D:1)
  A goblin (D:1)
  4 kobolds
  A quokka (D:1)
  A ball python (D:1)
  2 rats (D:1)
14 creatures vanquished.

Notes
Turn   | Place    | Note
-------+----------+-------------------------------------------
     0 | D:1      | qw the Gargoyle Hexslinger began the quest for the Orb.
     0 | D:1      | Reached XP level 1. HP: 12/12 MP: 2/2
     0 | D:1      | 0 ||| qw: Version: 0.3-a-46-gb1f654a
     0 | D:1      | 0 ||| qw: Game counter: 2382
     0 | D:1      | 0 ||| qw: Melee chars always use a shield: true
     0 | D:1      | 0 ||| qw: God list: Okawaru
     0 | D:1      | 0 ||| qw: Allow faded altars: false
     0 | D:1      | 0 ||| qw: Do Orc after clearing Dungeon:15 true
     0 | D:1      | 0 ||| qw: Do second Lair branch before Depths: true
     0 | D:1      | 0 ||| qw: Lair rune preference: random
     0 | D:1      | 0 ||| qw: Goals: Normal
     0 | D:1      | 0 ||| PLANNING D:1-11
   138 | D:1      | Reached XP level 2. HP: 16/16 MP: 3/3
   351 | D:1      | Reached skill level 3 in Ranged Weapons
   487 | D:1      | 487 ||| UPGRADING to ring of protection from fire.
   488 | D:1      | 488 ||| READING scroll labelled VIEBRID PEMO.
   489 | D:1      | 489 ||| READING scroll labelled UBLABUBAU.
   492 | D:1      | 492 ||| DROPPING scroll of poison.
   541 | D:2      | Noticed Sigmund
   548 | D:2      | HP: 2/17 [orc/+0 hand axe (6)]
   549 | D:2      | 549 ||| READING scroll of teleportation.
   549 | D:2      | Slain by an orc

Levels and vault maps discovered:
D:1:      matt_arrival_diagonals, layout_basic,
          amcnicky_mini_rare_corridor_liquid
D:2:      layout_basic, chequers_ecumenical_altar_island, minmay_pentomino_t2,
          uniq_terence, uniq_sigmund, uniq_natasha

Skill      XL: |  1  2 |
---------------+-------+-----
Ranged Weapons | 3 |  3.0
Fighting       | |  1.7
Dodging        | |  1.5
Spellcasting   | |  1.0
Hexes          | |  2.6

Action                     || total
---------------------------++-------
   Fire: Sling             ||    37
    Use: Scroll            ||     3
 Armour: Robe              ||     1
  Dodge: Dodged            ||     5

Table legend:
 A = Non-vault XP
 B = Vault XP
 C = Vault XP percentage of total XP
 D = Non-vault monster count
 E = Vault monster count
 F = Vault count percentage of total count
                 A         B        C        D         E       F
            +---------+---------+-------+---------+---------+-------
      Total |      29 |       0 |   0.0 |      14 |       0 |   0.0
            +---------+---------+-------+---------+---------+-------
        D:1 |      19 |       0 |   0.0 |      10 |       0 |   0.0
        D:2 |      10 |       0 |   0.0 |       4 |       0 |   0.0
            +---------+---------+-------+---------+---------+-------
